Map: Magannatha LE

Players

ManlyManMeat

  • Race: Protoss Protoss
  • League: Master
  • Spawn Location: 5:00

Epsilon - Winner!

  • Race: Terran Terran
  • League: Master
  • Spawn Location: 11:00

VOD

Have the link to the VOD?

Description

Time

  • Played on: June 14, 2025, 12:20 p.m.
  • Length: 2:53
Show
View Real Time Build Order
Export as new Build Order

ManlyManMeat Protoss 

Build Orders:  

Get SALT Encoding   

  13  0:28  Probe  
  13  0:39  Pylon, Probe  
  14  0:47  Probe  
  15  0:59  Gateway  
  15  1:00  Gateway  
  15  1:03  Gateway  
  15  1:16  Probe  
  16  1:29  Probe  
  17  1:41  Zealot  
  17  1:47  Zealot x2  
  23  1:56  Pylon  
  23  2:06  Zealot  
  23  2:14  Probe, Zealot  
  28  2:22  Zealot  
  30  2:36  Pylon  
Show
View Real Time Build Order
Export as new Build Order

Epsilon Terran - Winner!

Build Orders:  

Get SALT Encoding   

  12  0:00  SCV  
  13  0:12  SCV  
  14  0:17  Supply Depot  
  14  0:24  SCV  
  15  0:38  SCV  
  15  0:39  Barracks  
  16  0:51  SCV  
  17  1:03  SCV  
  18  1:15  SCV  
  19  1:26  Marine  
  19  1:28  Orbital Command  
  20  1:39  Barracks  
  20  1:40  Barracks  
  20  1:43  Supply Depot  
  20  1:48  Marine  
  21  1:57  Bunker  
  21  2:02  SCV  
  21  2:06  Refinery, Marine  
  23  2:16  Bunker  
  23  2:36  Supply Depot  
  23  2:37  SCV  
Tags
 
Matchup
PvT
Replay Pack
Multiplayer
Spawn Locations
Cross Positions
Add a new tag
Caveats
  • Supply blocks, unpowered buildings, or Contaminate may cause inaccurate times.
  • Supply counts are checked every 10 seconds.